 Dungeon Sprint DCSS version 0.17-a0-1210-g1e4f09d (webtiles) character file.

535 Kidiri the Thaumaturge (level 7, -2/62 HPs)
             Began as a Purple Draconian Conjurer on June 4, 2015.
             Was an Initiate of Vehumet.
             Slain by a human (8 damage)
             ... in the Dungeon (Sprint III: "The Ten Rune Challenge").
             The game lasted 00:10:36 (1539 turns).

Kidiri the Thaumaturge (Purple Draconian Conjurer)  Turns: 1539, Time: 00:10:36

Health: -2/62      AC:  7    Str: 11    XL:     7   Next: 4%
Magic:  0/19       EV: 14    Int: 19    God:    Vehumet [......]
Gold:   15         SH:  0    Dex: 11    Spells: 5 memorised, 10 levels left

rFire  . . .     SeeInvis .     m - +2 quarterstaff (chaos)
rCold  . . .     Clarity  .     (armour unavailable)
rNeg   . . .     SustAt   .     (no shield)
rPois  .         Gourm    .     (helmet restricted)
rElec  .         Spirit   .     n - +0 cloak
rCorr  .         Warding  .     (no gloves)
rMut   .         NoTele   +     (no boots)
MR     ++...                    (no amulet)
Stlth  ++........               (no ring)
                                (no ring)

@: short of breath, very slightly contaminated, hasted, very quick, very
resistant to hostile enchantments, unstealthy
A: breathe power, unfitting armour, claws 1, stinger 1, blurry vision 1, clever
1, magic resistance 1, cold-blooded, AC +6
a: Breathe Dispelling Energy, Renounce Religion


You were in the Dungeon.
You worshipped Vehumet.
Vehumet was noncommittal.
You were not hungry.

You visited 1 branch You collected 15 gold pieces.

Inventory:

Hand weapons
 m - a +2 quarterstaff of chaos (weapon)
Armour
 n - a +0 cloak (worn)
Magical devices
 k - a wand of digging (16)
Scrolls
 h - a scroll of blinking
 o - a scroll of immolation
 s - a scroll of holy word
 t - a scroll of remove curse {unknown}
Potions
 c - a potion of curing
 f - 2 potions of magic
 l - 3 potions of cure mutation
 r - 3 potions of flight
Books
 a - a book of Conjurations

   Spells                             Type                      Level
   a - Magic Dart                     Conjuration                  1
   b - Searing Ray                    Conjuration                  2
   c - Dazzling Spray                 Conjuration/Hexes            3
   d - Fulminant Prism                Conjuration/Hexes            4
   e - Iskenderun's Mystic Blast      Conjuration                  4
   f - Iskenderun's Battlesphere      Conjuration/Charms           5
 g - a book of the Dragon

   Spells                             Type                      Level
   a - Flame Tongue                   Conjuration/Fire             1
   b - Cause Fear                     Hexes                        4
   c - Bolt of Fire                   Conjuration/Fire             6
   d - Dragon Form                    Transmutation                7
   e - Dragon's Call                  Summoning                    9
 i - a book of Beasts

   Spells                             Type                      Level
   a - Summon Butterflies             Summoning                    1
   b - Call Canine Familiar           Summoning                    3
   c - Summon Ice Beast               Ice/Summoning                4
   d - Summon Mana Viper              Hexes/Summoning              5
   e - Summon Hydra                   Summoning                    7
Comestibles
 b - a bread ration
 q - 2 royal jellies


   Skills:
 + Level 5.8 Fighting
 + Level 5.2 Dodging
 - Level 1.7 Stealth
 * Level 9.0 Spellcasting
 * Level 8.9 Conjurations
 * Level 7.1 Hexes


You had 10 spell levels left.
You knew the following spells:

 Your Spells              Type           Power        Failure   Level  Hunger
a - Magic Dart            Conj           ####         1%          1    None
b - Searing Ray           Conj           #####.       1%          2    None
c - Dazzling Spray        Conj/Hex       #####...     1%          3    None
d - Iskenderun's Mystic   Conj           #####...     1%          4    ###....
e - Fulminant Prism       Conj/Hex       #####.....   3%          4    ###....


Dungeon Overview and Level Annotations

Branches:
Dungeon (1/1)

Altars:
Elyvilon
Kikubaaqudgha
Okawaru
Sif Muna
Trog
Vehumet
Zin
The Shining One


Innate Abilities, Weirdness & Mutations

You can breathe bolts of dispelling energy.
Your rich purple scales are hard (AC +6).
Your body does not fit into most forms of armour.
You are cold-blooded and may be slowed by cold attacks.
You have sharp fingernails.
Your tail ends in a poisonous barb.
Scrolls take you a little longer to read.
Your mind is acute. (Int +2)
You are resistant to hostile enchantments.


Message History

The magic dart hits the human.
The human is almost dead.
Casting: Magic Dart
Confirm with . or Enter, or press ? or * to list all spells.
Aiming: Magic Dart
Press: ? - help, Shift-Dir - straight line, f/p - human
Aim: a human (almost dead, unusually strong)
The magic dart hits the human.
The human is almost dead.
The human hits you.
* * * LOW HITPOINT WARNING * * *
Casting: Magic Dart
Confirm with . or Enter, or press ? or * to list all spells.
Aiming: Magic Dart
Press: ? - help, Shift-Dir - straight line, f/p - human
Aim: a human (almost dead, unusually strong)
The magic dart hits the human.
The human is almost dead.
The human hits you!
You die...

▓▓▓▓▓▓▓▓▓▓▓▓▓ ▓▓▓
▓<.#..'...♣.♣ ♣.####
▓..#..#....♣♣♣ ♣♣.#___
▓#'####......♣ ♣..#...
▓.....#....≈.♣ ♣..###'
▓....@#...≈≈.♣♣♣♣.#...
▓....p#..≈≈≈≈♣.♣♣.'.⌠)
▓####'#..≈≈≈≈≈≈♣♣.#...
▓...[.#.≈≈≈≈≈≈....#.⌠.
▓.....#.≈≈≈≈≈.....#...
▓.)...#.≈≈≈.......#)##
▓'#####...........#)..
▓..p.p............#___
▓▓▓▓▓▓▓▓▓▓▓▓▓▓▓▓▓▓▓▓▓▓


You could see a human.

Vanquished Creatures
  A deep elf priest (D)
  A water elemental (D)
  Crazy Yiuf (D)
  A wizard (D)
  Jessica (D)
  A kobold demonologist (D)
  2 humans (D)
  3 rats (D)
11 creatures vanquished.

Vanquished Creatures (others)
  2 draconian scorchers (D)
  A yaktaur (D)
  3 fulminant prisms (D)
6 creatures vanquished.

Grand Total: 17 creatures vanquished

Notes
Turn   | Place    | Note
--------------------------------------------------------------
     0 | D        | Kidiri the Draconian Conjurer began the quest for the Orb.
     0 | D        | Reached XP level 1. HP: 14/14 MP: 3/3
    64 | D        | Killed a yaktaur
    86 | D        | Noticed Jessica
   100 | D        | Killed Jessica
   100 | D        | Reached skill level 5 in Conjurations
   100 | D        | Reached XP level 2. HP: 12/25 MP: 0/6
   148 | D        | Killed a white draconian scorcher
   157 | D        | Learned a level 2 spell: Searing Ray
   267 | D        | Noticed Crazy Yiuf
   307 | D        | Killed Crazy Yiuf
   307 | D        | Reached XP level 3. HP: 14/31 MP: 0/8
   340 | D        | Killed a white draconian scorcher
   546 | D        | Learned a level 3 spell: Dazzling Spray
   584 | D        | Reached skill level 6 in Conjurations
   584 | D        | Reached skill level 1 in Hexes
   584 | D        | Reached XP level 4. HP: 13/38 MP: 0/10
   792 | D        | Learned a level 4 spell: Iskenderun's Mystic Blast
   840 | D        | Gained mutation: You have sharp fingernails. [potion of mutation]
   841 | D        | Gained mutation: You are agile. (Dex +2) [potion of mutation]
   841 | D        | Gained mutation: Your tail ends in a poisonous barb. [potion of mutation]
   841 | D        | Gained mutation: You are resistant to hostile enchantments. [potion of mutation]
   842 | D        | Gained mutation: Your mind is acute. (Int +2) [potion of mutation]
   842 | D        | Gained mutation: Scrolls take you a little longer to read. [potion of mutation]
   842 | D        | Lost mutation: You are agile. (Dex +2) [potion of mutation]
   873 | D        | Noticed a water elemental
   885 | D        | Killed a water elemental
   885 | D        | Reached skill level 5 in Spellcasting
  1093 | D        | Found a radiant altar of Vehumet.
  1093 | D        | Found a deep blue altar of Sif Muna.
  1093 | D        | Found an ancient bone altar of Kikubaaqudgha.
  1093 | D        | Noticed a wizard
  1097 | D        | Killed a wizard
  1097 | D        | Reached XP level 5. HP: 43/46 MP: 2/13
  1102 | D        | Reached skill level 7 in Conjurations
  1111 | D        | Became a worshipper of Vehumet
  1249 | D        | Learned a level 4 spell: Fulminant Prism
  1372 | D        | Found a glowing silver altar of Zin.
  1372 | D        | Found a glowing golden altar of the Shining One.
  1372 | D        | Found a white marble altar of Elyvilon.
  1387 | D        | Noticed a deep elf priest
  1392 | D        | Killed a deep elf priest
  1392 | D        | Reached skill level 5 in Fighting
  1392 | D        | Reached skill level 5 in Dodging
  1392 | D        | Reached skill level 8 in Conjurations
  1392 | D        | Reached skill level 5 in Hexes
  1392 | D        | Reached XP level 6. HP: 53/56 MP: 2/16
  1487 | D        | Found an iron altar of Okawaru.
  1487 | D        | Found a bloodstained altar of Trog.
  1487 | D        | Noticed a human
  1493 | D        | Noticed a human
  1526 | D        | Killed a human
  1526 | D        | Reached skill level 9 in Spellcasting
  1526 | D        | Your scales start taking on a rich purple colour.
  1526 | D        | Reached XP level 7. HP: 13/62 MP: 4/19
  1539 | D        | Slain by a human

Vault maps used:
D:        dungeon_sprint_mu

Action                   |  1- 3 |  4- 6 |  7- 9 || total
-------------------------+-------+-------+-------++-------
Melee: Unarmed           |    10 |       |       ||    10
       Quarterstaff      |     5 |     6 |     2 ||    13
 Cast: Magic Dart        |    22 |    10 |     5 ||    37
       Dazzling Spray    |     2 |       |       ||     2
       Iskenderun's Myst |       |     3 |       ||     3
       Fulminant Prism   |       |     3 |       ||     3
 Abil: Breathe Dispellin |       |       |     1 ||     1
  Use: Potion            |       |     6 |       ||     6
       Scroll            |       |     4 |       ||     4
 Stab: Invisible         |     1 |       |       ||     1
  Eat: Meat ration       |       |     1 |       ||     1
